 Dungeon Crawl Stone Soup version 0.17-a0-2127-g1cb09f6 (webtiles) character file.

986 nrokreffefp the Skirmisher (level 8, 0/73 HPs)
             Began as a Hill Orc Gladiator on Oct 22, 2015.
             Was a Follower of Okawaru.
             Slain by a seven-headed hydra (3 damage)
             ... on level 6 of the Dungeon.
             The game lasted 00:16:00 (6242 turns).

nrokreffefp the Skirmisher (Hill Orc Gladiator)     Turns: 6242, Time: 00:16:00

Health: 0/73       AC: 12    Str: 19    XL:     8   Next: 18%
Magic:  0/8        EV:  9    Int:  8    God:    Okawaru [*.....]
Gold:   412        SH: 11    Dex: 14    Spells: 0 memorised, 7 levels left

rFire  + . .     SeeInvis .     q - +4 spear
rCold  + . .     Clarity  .     A - +3 ring mail
rNeg   . . .     SustAt   .     n - +2 shield of Resistance {rF+ rC+ MR+}
rPois  .         Gourm    .     p - +2 helmet of Hyoq {Dex+2}
rElec  .         Spirit   +     b - +0 cloak {MR+}
rCorr  .         Warding  .     (no gloves)
rMut   .         Stasis   .     (no boots)
MR     ++...                    t - amulet of guardian spirit
Stlth  +.........               (no ring)
                                (no ring)

@: about to teleport, very resistant to hostile enchantments, very unstealthy
A: no striking features
a: Heroism, Renounce Religion, Convert to Beogh


You were on level 6 of the Dungeon.
You worshipped Okawaru.
Okawaru was aware of your devotion.
You were not hungry.

You visited 2 branches of the dungeon, and saw 7 of its levels.

You collected 412 gold pieces.

Inventory:

Hand Weapons
 q - a +4 spear (weapon)
Missiles
 d - 3 throwing nets
 f - 159 stones
 g - 32 poisoned needles
 k - 13 tomahawks
 l - 8 javelins (quivered)
 r - 2 poisoned tomahawks
Armour
 b - a +0 cloak of magic resistance (worn)
 n - the +2 shield of Resistance (worn) {rF+ rC+ MR+}
   (You found it on level 5 of the Dungeon)

   It protects you from fire.
   It protects you from cold.
   It affects your resistance to hostile enchantments.
 p - the +2 helmet of Hyoq (worn) {Dex+2}
   (You took it off Robin on level 3 of the Dungeon)

   It affects your dexterity (+2).
 A - a +3 ring mail (worn)
Jewellery
 t - an amulet of guardian spirit (around neck)
 B - an uncursed amulet of faith {unknown}
Wands
 o - a wand of digging (24)
Scrolls
 c - 3 scrolls of remove curse
 y - a scroll of amnesia
 D - a scroll of random uselessness {unknown}
Potions
 h - a potion of curing {unknown}
 i - 2 potions of invisibility
 j - 2 potions of agility
 m - 2 potions of might {unknown}
 u - a potion of mutation {unknown}
 v - 2 potions of lignification {unknown}
 w - a potion of poison {unknown}
 z - 2 potions of magic {unknown}
 C - a potion of haste {unknown}
Comestibles
 e - 6 bread rations
 s - 4 fruits
 x - 2 meat rations


   Skills:
 + Level 7.5 Fighting
 - Level 3.2 Polearms
 + Level 5.5 Throwing
 + Level 3.0 Armour
 - Level 2.4 Dodging
 + Level 2.4 Shields


You had 7 spell levels left.
You didn't know any spells.

Dungeon Overview and Level Annotations

Branches:
Dungeon (6/15)             Temple (1/1) D:4

Altars:
Cheibriados
Elyvilon
Okawaru
Qazlal
Ru
Xom
Yredelemnul
Zin
The Shining One


Message History

You feel strangely unstable.
The orc priest hits you but does no damage.
The orc priest invokes the aid of Beogh against you.
Something smites you!
The seven-headed hydra bites you but does no damage. x3
You block the seven-headed hydra's attack.
The seven-headed hydra barely misses you.
The seven-headed hydra closely misses you.
The seven-headed hydra barely misses you.
The seven-headed hydra bites you but does no damage.
The seven-headed hydra bites you.
* * * LOW HITPOINT WARNING * * *
The seven-headed hydra bites you but does no damage.
The seven-headed hydra bites you!
* * * LOW HITPOINT WARNING * * *
The seven-headed hydra bites you!
* * * LOW HITPOINT WARNING * * *
You block the seven-headed hydra's attack.
The seven-headed hydra bites you.
You die...

...#.....#
#........#
...#.....#
#........#
####.....#
#..))....#
#.....#
#........#
#.....#
#........#
#.....#
###........#
#######
#..o####'###.
##.oD........
#...@.......
#...........
############


You could see a seven-headed hydra, an orc priest and an orc.

Vanquished Creatures
  An ogre (D:5)
  A giant frog (D:6)
  A water moccasin zombie (D:6)
  A crimson imp (D:6)
  An orc priest (D:6)
  A jelly (D:5)
  Crazy Yiuf (D:5)
  3 iguanas
  Ijyb (D:3)
  A hound (D:5)
  4 worker ants
  5 orc wizards
  A worker ant zombie (D:5)
  Robin (D:3)
  3 gnolls (D:3)
  10 adders
  A shadow imp (D:5)
  An ooze (D:4)
  5 worms
  4 giant geckos
  17 orcs
  A ball python (D:1)
  A giant cockroach (D:3)
  11 goblins
  12 hobgoblins
  14 jackals
  8 kobolds
  10 bats
  A giant gecko zombie (D:6)
  4 giant newts
  9 rats
135 creatures vanquished.

Vanquished Creatures (others)
  A worker ant (D:4)
1 creature vanquished.

Grand Total: 136 creatures vanquished

Notes
Turn   | Place    | Note
--------------------------------------------------------------
     0 | D:1      | nrokreffefp the Hill Orc Gladiator began the quest for the Orb.
     0 | D:1      | Reached XP level 1. HP: 18/18 MP: 1/1
   227 | D:1      | Reached XP level 2. HP: 23/25 MP: 2/2
  1280 | D:2      | Reached XP level 3. HP: 28/31 MP: 3/3
  2189 | D:2      | Reached skill level 4 in Fighting
  2189 | D:2      | Reached XP level 4. HP: 40/40 MP: 4/4
  2315 | D:3      | Noticed Robin
  2724 | D:3      | Killed Robin
  2731 | D:3      | Got a faintly humming helmet
  2764 | D:3      | Identified the +2 helmet of Hyoq {Dex+2} (You took it off Robin on level 3 of the Dungeon)
  2795 | D:3      | Reached XP level 5. HP: 36/47 MP: 5/5
  3107 | D:3      | Reached skill level 5 in Fighting
  3432 | D:3      | Noticed Ijyb
  3451 | D:3      | Killed Ijyb
  3451 | D:3      | Reached XP level 6. HP: 38/56 MP: 6/6
  3996 | D:4      | Reached skill level 6 in Fighting
  4498 | D:4      | Found a staircase to the Ecumenical Temple.
  4507 | Temple   | Entered the Ecumenical Temple
  4530 | Temple   | Became a worshipper of Warmaster Okawaru
  4582 | D:5      | Entered Level 5 of the Dungeon
  5020 | D:5      | Reached XP level 7. HP: 61/64 MP: 7/7
  5064 | D:5      | Reached skill level 1 in Armour
  5316 | D:5      | Noticed Crazy Yiuf
  5337 | D:5      | Killed Crazy Yiuf
  5337 | D:5      | Reached skill level 5 in Throwing
  5657 | D:6      | Reached skill level 7 in Fighting
  5744 | D:6      | Reached skill level 1 in Shields
  5953 | D:6      | Reached * piety under Okawaru
  6035 | D:6      | Reached XP level 8. HP: 57/73 MP: 6/8
  6229 | D:6      | Noticed a seven-headed hydra
  6242 | D:6      | HP: 3/73 [seven-headed hydra (8)]
  6242 | D:6      | Slain by a seven-headed hydra

Vault maps used:
D:1:      lightli_arrival_chessboard
D:2:      first_bread
D:3:      portal_sewer_entry_d, minmay_misc_feat_columns, hex_intersection,
          corner_web_ring, uniq_iyjb, uniq_robin
D:4:      lemuel_temple_firewalk_marked
D:5:      uniq_crazy_yiuf_cottage
Temple:   grunt_circular_temple_18

Action                   |  1- 3 |  4- 6 |  7- 9 || total
-------------------------+-------+-------+-------++-------
Melee: Trident           |   111 |    72 |       ||   183
       Whip              |    46 |       |       ||    46
       Spear             |       |   214 |   178 ||   392
Throw: Stone             |    12 |     4 |     5 ||    21
       Javelin           |       |     5 |     6 ||    11
  Use: Scroll            |     3 |     6 |     1 ||    10
 Stab: Sleeping          |     1 |     1 |       ||     2
  Eat: Chunk             |     4 |     8 |     4 ||    16
       Pizza             |       |     1 |       ||     1
